Map: Thunderbird LE

Players

Mesrob - Winner!

  • Race: Terran Terran
  • League: Platinum
  • Spawn Location: 5:00

Nanook

  • Race: Zerg Zerg
  • League: Gold
  • Spawn Location: 11:00

VOD

Have the link to the VOD?

Description

Time

  • Played on: July 12, 2019, 8:19 p.m.
  • Length: 19:09
Show
View Real Time Build Order
Export as new Build Order

Mesrob Terran - Winner!

Build Orders: 2 Factory, Reaper Expand 

Get SALT Encoding   

  12  0:00  SCV  
  13  0:12  SCV  
  14  0:17  Supply Depot  
  14  0:24  SCV  
  15  0:39  Barracks, SCV  
  16  0:48  Refinery  
  16  0:51  SCV  
  17  1:04  SCV  
  18  1:16  SCV  
  19  1:28  Orbital Command  
  19  1:39  Command Center  
  19  1:42  Reaper  
  20  1:55  SCV  
  20  2:00  Refinery  
  21  2:10  Factory  
  21  2:26  Barracks Reactor  
  21  2:28  SCV  
  22  2:41  SCV  
  23  2:52  Supply Depot  
  23  2:53  SCV  
  23  2:56  Factory  
  23  3:14  Orbital Command  
  23  3:26  Supply Depot  
  23  3:31  Hellion x2  
  27  3:36  SCV  
  28  3:43  SCV  
  28  3:44  Factory Tech Lab  
  28  3:45  Supply Depot  
  29  3:48  Supply Depot  
  28  4:04  Cyclone  
  28  4:06  Hellion x2  
  35  4:10  SCV x2  
  35  4:11  Supply Depot  
  37  4:17  Engineering Bay  
  37  4:23  SCV x2  
  39  4:24  Armory  
  39  4:32  Hellion  
  39  4:34  Supply Depot  
  39  4:36  Hellion, Cyclone  
  46  4:41  SCV  
  46  4:42  Refinery, SCV  
  48  4:49  Missile Turret  
  48  4:58  Missile Turret, SCV  
  48  4:59  SCV  
  50  5:03  Refinery  
  52  5:07  Hellion  
  52  5:11  Infernal Pre-Igniter, SCV  
  53  5:14  SCV  
  53  5:19  Terran Vehicle Weapons Level 1  
  54  5:27  Factory  
  54  5:28  SCV x2  
  60  5:35  Hellion x2  
  60  5:38  Cyclone  
  60  5:40  SCV  
  60  5:41  SCV  
  65  5:52  SCV  
  65  5:53  SCV  
  65  5:54  Supply Depot  
  65  5:55  Supply Depot  
  67  6:00  Hellion  
  67  6:02  Hellion  
  71  6:04  SCV  
  71  6:10  Cyclone  
  75  6:19  Factory Tech Lab  
  61  6:57  Cyclone x2  
  61  6:58  Hellion x2  
  71  7:20  Hellion x2  
  75  7:23  Factory x2  
  75  7:24  Command Center  
  75  7:29  Cyclone x2  
  81  7:55  Hellion x2  
  81  7:57  Missile Turret  
  85  8:01  Supply Depot, Cyclone  
  85  8:05  Terran Vehicle And Ship Armor Level 1  
  88  8:06  Mag-Field Accelerator  
  88  8:07  SCV  
  88  8:09  Factory  
  88  8:10  Factory  
  89  8:14  SCV  
  89  8:19  Missile Turret, SCV  
  91  8:21  Factory Tech Lab, Factory Reactor  
  91  8:24  Supply Depot  
  91  8:26  Cyclone  
  91  8:27  Hellion x2, SCV  
  99  8:36  Supply Depot  
  99  8:38  Planetary Fortress  
  99  8:39  Missile Turret  
  99  8:40  SCV x2  
  101  8:43  Refinery  
  101  8:48  Supply Depot  
  101  8:49  Armory  
  101  8:52  SCV  
  101  8:53  SCV  
  103  8:59  Supply Depot  
  103  9:01  Factory Tech Lab x2  
  103  9:04  SCV  
  103  9:05  SCV  
  103  9:08  Factory  
  105  9:13  Supply Depot  
  105  9:20  Cyclone  
  105  9:22  Hellion x4  
  105  9:23  Supply Depot  
  116  9:36  Supply Depot  
  116  9:56  Factory  
  116  10:01  Factory Reactor  
  116  10:02  Cyclone x3  
  116  10:03  Cyclone  
  117  10:39  Siege Tank x2  
  117  10:41  Factory, Siege Tank  
  126  10:44  Hellion x6  
  126  10:45  Hellion  
  140  10:50  Refinery  
  140  11:11  Command Center  
  140  11:14  Command Center  
  140  11:19  Cyclone x5  
  140  11:21  Hellion x3  
  140  11:22  Hellion x2  
  140  11:23  Hellion  
  140  11:25  Factory  
  167  11:31  Supply Depot x3  
  167  11:39  SCV  
  168  11:51  SCV  
  168  11:54  SCV x2  
  170  11:55  Supply Depot  
  171  12:03  SCV  
  171  12:05  Supply Depot  
  171  12:06  SCV  
  173  12:12  Refinery  
  173  12:13  Cyclone x2  
  173  12:14  Cyclone x2  
  185  12:26  Factory Tech Lab x3  
  185  12:33  Refinery, SCV  
  185  12:35  SCV  
  185  12:36  SCV x2  
  189  12:38  Refinery  
  190  12:45  SCV  
  190  12:46  Planetary Fortress  
  190  12:47  SCV  
  190  12:48  SCV x2  
  193  12:57  Refinery  
  193  12:58  Planetary Fortress  
  193  13:11  Cyclone x3  
  200  13:36  Starport  
  200  13:37  Starport  
  200  13:38  Starport  
  128  14:08  Cyclone  
  128  14:09  Cyclone x5  
  146  14:10  Cyclone x2  
  146  14:11  Hellion  
  146  14:12  Hellion x5  
  116  14:33  Hellion x4  
  118  14:39  Starport Reactor  
  118  14:40  Starport Tech Lab  
  118  14:41  Starport Reactor, Cyclone x4  
  118  14:44  Terran Vehicle Weapons Level 2  
  118  14:45  Terran Vehicle And Ship Armor Level 2  
  121  14:55  Liberator  
  121  14:56  Cyclone x3  
  121  14:57  Cyclone  
  121  14:58  Hellion x4  
  121  14:59  Liberator  
  145  15:00  Hellion x2, Liberator  
  145  15:13  Hellion  
  148  15:36  Liberator  
  148  15:38  Liberator  
  148  15:46  Liberator  
  148  15:50  Liberator x2, Cyclone x6  
  179  16:20  Liberator  
  179  16:34  Liberator x4  
  179  16:39  Sensor Tower  
  194  16:59  Hellion x3  
  200  17:11  Sensor Tower  
  200  17:24  Command Center  
  200  17:29  Liberator  
  190  17:41  Cyclone  
  190  17:42  Cyclone x6  
  190  17:43  Command Center, Cyclone  
  190  17:44  Hellion x5  
  149  18:27  Cyclone x4  
  149  18:28  Cyclone x4  
  149  18:30  Hellion x2  
Show
View Real Time Build Order
Export as new Build Order

Nanook Zerg 

Build Orders: Hatch First, Muta Ling Bane 

Get SALT Encoding   

  12  0:01  Drone  
  13  0:13  Overlord  
  13  0:16  Drone  
  14  0:31  Drone x2  
  14  0:35  Drone  
  17  0:54  Hatchery  
  17  0:56  Drone  
  17  1:11  Spawning Pool  
  16  1:13  Drone  
  16  1:17  Drone  
  18  1:20  Drone  
  19  1:29  Overlord  
  19  1:32  Extractor  
  18  1:39  Drone  
  19  1:58  Zergling x2  
  19  1:59  Queen  
  22  2:06  Queen  
  22  2:07  Drone x2  
  26  2:12  Drone  
  27  2:16  Drone  
  28  2:23  Drone  
  29  2:30  Drone  
  29  2:33  Drone  
  31  2:39  Lair  
  31  2:41  Zergling x2  
  32  2:47  Zergling x2  
  32  2:49  Zergling x2  
  32  2:50  Queen  
  35  3:09  Overlord x2  
  35  3:17  Metabolic Boost  
  35  3:33  Drone x6, Baneling Nest  
  40  3:43  Extractor  
  39  3:50  Roach Warren  
  37  4:01  Drone x2  
  37  4:02  Queen, Drone x4  
  41  4:06  Extractor  
  42  4:19  Evolution Chamber  
  42  4:21  Zergling x4  
  42  4:22  Zergling x6  
  46  4:29  Spore Crawler  
  46  4:30  Spine Crawler  
  44  4:35  Roach x4  
  44  4:37  Overlord x2  
  52  4:55  Overlord x2  
  52  4:56  Hatchery  
  51  5:09  Roach x3  
  51  5:10  Roach  
  51  5:13  Extractor  
  58  5:32  Spire  
  58  5:33  Drone x4  
  58  5:34  Drone  
  58  5:35  Evolution Chamber  
  61  5:43  Glial Reconstitution  
  61  5:46  Zerg Melee Weapons Level 1  
  61  5:48  Drone  
  62  5:58  Centrifical Hooks  
  62  6:00  Zergling x2  
  62  6:01  Zergling x4  
  65  6:07  Drone x2  
  65  6:08  Drone  
  68  6:14  Zerg Missile Weapons Level 1  
  63  6:41  Roach  
  63  6:42  Roach x2  
  68  6:50  Roach x2  
  72  6:59  Baneling  
  72  7:00  Drone  
  73  7:06  Overlord  
  73  7:07  Overlord x2  
  73  7:17  Spine Crawler  
  73  7:19  Drone  
  73  7:20  Overlord x2  
  73  7:28  Mutalisk x5  
  83  7:47  Zerg Flyer Weapons Level 1  
  83  7:49  Drone x3  
  83  7:50  Drone x7  
  93  7:52  Drone x3  
  93  7:55  Drone x3  
  99  8:06  Zerg Ground Armor Level 1  
  99  8:19  Extractor  
  98  8:25  Mutalisk x2  
  102  8:27  Queen  
  104  8:36  Zerg Missile Weapons Level 2  
  104  8:40  Overlord x3  
  104  8:55  Extractor, Mutalisk  
  103  8:57  Overlord x2  
  103  8:58  Overlord  
  105  9:16  Zergling x2  
  105  9:17  Zergling x26  
  113  9:45  Roach x3  
  111  9:46  Roach x5  
  121  9:54  Hydralisk Den, Drone x3  
  121  9:55  Drone x4  
  127  10:04  Baneling  
  127  10:05  Baneling x9  
  125  10:10  Roach  
  110  10:39  Roach x5  
  110  10:40  Roach x7  
  110  10:41  Roach x2  
  138  10:51  Zerg Ground Armor Level 2  
  138  11:02  Overlord x2  
  138  11:03  Overlord x4  
  138  11:24  Spine Crawler  
  137  11:26  Drone x2  
  137  11:28  Spine Crawler  
  138  11:39  Infestation Pit  
  137  11:40  Hydralisk x5  
  137  11:41  Hydralisk x5  
  157  11:59  Drone  
  157  12:00  Hatchery, Drone x2  
  159  12:15  Hydralisk x4  
  167  12:31  Hive  
  167  12:42  Queen  
  169  13:07  Zerg Melee Weapons Level 2  
  169  13:17  Queen  
  171  13:23  Lurker Den  
  171  13:24  Corruptor x2  
  171  13:26  Overlord x3  
  171  13:27  Overlord  
  127  13:53  Roach x6  
  127  13:54  Roach x5  
  97  14:01  Roach x4  
  97  14:02  Roach x5  
  115  14:10  Zergling x6  
  115  14:11  Zergling x12  
  97  14:51  Baneling x6  
  97  14:52  Baneling x6  
  97  15:01  Greater Spire  
  97  15:04  Hatchery  
  97  15:05  Overlord  
  97  15:06  Overlord x3  
  96  15:26  Roach x3  
  96  15:27  Roach x6  
  114  15:30  Overlord x2  
  114  15:31  Overlord  
  114  15:39  Spine Crawler  
  113  15:50  Hydralisk x3  
  113  15:51  Hydralisk  
  121  16:22  Brood Lord  
  123  16:30  Lurker  
  123  16:31  Lurker  
  123  16:32  Lurker  
  126  16:34  Drone x2  
  126  16:37  Queen  
  126  16:39  Corruptor x2  
  134  17:00  Drone x3  
  137  17:04  Corruptor x2, Spine Crawler  
  137  17:08  Drone  
  141  17:09  Zergling x6  
  144  17:19  Overlord x3  
  144  17:23  Extractor  
  144  17:26  Extractor  
  72  17:58  Roach x5  
  69  17:59  Roach x7  
  81  18:12  Corruptor x4  
  84  18:16  Roach  
  64  18:39  Spore Crawler  
  60  18:43  Spore Crawler  
Tags
 
Add a new tag
Caveats
  • Supply blocks, unpowered buildings, or Contaminate may cause inaccurate times.
  • Supply counts are checked every 10 seconds.